 Dungeon Crawl Stone Soup version 0.24-a0-127-gfc1eed5 (webtiles) character file.

Game seed: 0

474 XanderDroid the Chopper (level 6, -2/56 HPs)
             Began as a Minotaur Berserker on Feb 25, 2019.
             Was a Priest of Trog.
             Slain by Sigmund
             ... wielding a +0 scythe
              (12 damage)
             ... on level 4 of the Dungeon.
             The game lasted 00:09:11 (2208 turns).

XanderDroid the Chopper (Minotaur Berserker)        Turns: 2208, Time: 00:09:12

Health: -2/56      AC: 12    Str: 23    XL:     6   Next: 84%
Magic:  5/5        EV:  9    Int:  4    God:    Trog [***...]
Gold:   47         SH:  0    Dex: 10    Spells: 5/5 levels left

rFire    . . .     SeeInvis .   a - +0 hand axe
rCold    . . .     Gourm    .   (no shield)
rNeg     . . .     Faith    .   j - +0 chain mail
rPois    .         Spirit   .   (helmet restricted)
rElec    .         Reflect  .   h - +0 cloak
rCorr    .         Harm     .   (no gloves)
MR       .....                  p - +0 pair of boots
Stlth    ..........             (no amulet)
HPRegen  0.18/turn              (no ring)
MPRegen  0.09/turn              (no ring)

@: no status effects
A: retaliatory headbutt, horns 2
a: Berserk, Trog's Hand, Renounce Religion


You were on level 4 of the Dungeon.
You worshipped Trog.
Trog was most pleased with you.
You were not hungry.

You visited 1 branch of the dungeon, and saw 4 of its levels.

You collected 194 gold pieces.
You spent 147 gold pieces at shops.

Inventory:

Hand Weapons
 a - a +0 hand axe (weapon)
Armour
 h - a +0 cloak (worn)
 j - a +0 chain mail (worn)
 p - a +0 pair of boots (worn)
Wands
 t - a wand of digging (4)
Scrolls
 f - 4 scrolls of teleportation
 g - a scroll of identify {unknown}
 l - a scroll of amnesia {unknown}
 o - a scroll of remove curse
 s - a scroll of enchant armour {unknown}
Potions
 b - a potion of flight {unknown}
 e - a potion of magic {unknown}
 i - a potion of berserk rage {unknown}
 k - a potion of ambrosia {unknown}
 m - 3 potions of curing {unknown}
 n - a potion of cancellation {unknown}
 q - 2 potions of brilliance {unknown}
 r - 2 potions of resistance {unknown}
Comestibles
 c - 6 rations
 d - 9 chunks of flesh


   Skills:
 + Level 5.6 Fighting
 * Level 7.1 Axes
 + Level 4.8 Armour
 - Level 2.1 Dodging


You had 5 spell levels left.
You didn't know any spells.
Your spell library was empty.

Dungeon Overview and Level Annotations

Branches:
Dungeon (4/15)
 Temple: D:4-7

Altars:
Cheibriados
Dithmenos
Ru

Shops:
D:4 (**[

Annotations:
D:4 Sigmund


Innate Abilities, Weirdness & Mutations

You reflexively headbutt those who attack you in melee.
You have a pair of horns on your head.


Message History

The adder bites you but does no damage. Sigmund closely misses you.
You're too confused!
The adder bites you but does no damage.
You closely miss the adder.
The adder is heavily wounded.
You barely miss Sigmund. The adder closely misses you.
Sigmund hits you with a +0 scythe.
* * * LOW HITPOINT WARNING * * *
The adder bites you but does no damage.
You closely miss the adder.
The adder is heavily wounded.
You barely miss Sigmund. Sigmund closely misses you.
The adder bites you but does no damage. The adder bites you but does no damage.
Sigmund gestures at you while chanting.
The magic dart hits you but does no damage.
The adder barely misses you.
You feel less confused. The adder bites you but does no damage.
Sigmund hits you with a +0 scythe!
You die...

#.....................
#.....................
#.....................
#.....................
#.....................
#.................∩...
#................†....
#...S@................
#....@................
#.....................
#.....................
#..............8..∩..8
#.....................
#.....................
#.....................
#.....................
...............


You could see Sigmund and an adder.

Vanquished Creatures
  A hound (D:4)
  4 orc priests
  3 orc wizards
  Ijyb (D:4)
  An iguana (D:3)
  A worker ant (D:4)
  A gnoll (D:1)
  4 adders
  3 oozes
  An adder skeleton (D:4)
  2 worms
  A dart slug (D:1)
  A leopard gecko (D:2)
  10 orcs
  2 ball pythons
  7 bats
  7 giant cockroaches
  8 goblins
  6 hobgoblins
  11 jackals
  4 quokkas
  4 frilled lizards
  8 kobolds
  6 rats
97 creatures vanquished.

Notes
Turn   | Place    | Note
-------+----------+-------------------------------------------
     0 | D:1      | XanderDroid the Minotaur Berserker began the quest for the
                  | Orb.
     0 | D:1      | Reached XP level 1. HP: 19/19 MP: 0/0
    48 | D:1      | Reached skill level 4 in Axes
    49 | D:1      | Reached XP level 2. HP: 14/27 MP: 1/1
   314 | D:1      | Reached ** piety under Trog
   319 | D:1      | Reached XP level 3. HP: 28/33 MP: 2/2
   586 | D:1      | Found a snail-covered altar of Cheibriados.
   922 | D:2      | Reached XP level 4. HP: 40/40 MP: 3/3
   944 | D:2      | Reached skill level 5 in Axes
  1074 | D:2      | Found a sacrificial altar of Ru.
  1374 | D:3      | Reached XP level 5. HP: 43/47 MP: 4/4
  1427 | D:3      | Reached *** piety under Trog
  1502 | D:3      | Reached skill level 5 in Fighting
  1502 | D:3      | Reached skill level 6 in Axes
  1671 | D:3      | Found a shadowy altar of Dithmenos.
  1865 | D:4      | Noticed Sigmund
  1917 | D:4      | Found Poiker's Armour Shop.
  1952 | D:4      | Found Zoadde's General Store.
  1961 | D:4      | Reached XP level 6. HP: 50/56 MP: 5/5
  2026 | D:4      | Bought a scroll of remove curse for 42 gold pieces
  2043 | D:4      | Bought a scroll of remove curse for 42 gold pieces
  2043 | D:4      | Bought a +0 pair of boots for 63 gold pieces
  2104 | D:4      | Noticed Ijyb
  2118 | D:4      | Killed Ijyb
  2118 | D:4      | Reached skill level 7 in Axes
  2148 | D:4      | Found Uder's Weapon Shoppe.
  2157 | D:4      | Found Onaujim's General Store.
  2208 | D:4      | Slain by Sigmund

Levels and vault maps discovered:
D:1:      grunt_arrival_lava_bath, layout_basic, palyth_stone_intersect,
          cheibriados_altar_1
D:2:      layout_rooms, first_ration, hangedman_ru_absence
D:3:      layout_rooms, grunt_dithmenos_smoke_and_mirrors
D:4:      layout_basic, minmay_temple_entry_waves, cheibrodos_sewer_entry_bend,
          serial_shops, shop, nicolae_shop_waterfront,
          nicolae_shop_window_shopping, shop_statue,
          chequers_serial_rivers_marsh, minmay_fractal_squares_5, uniq_sigmund,
          uniq_ijyb

Skill      XL: |  1  2  3  4  5  6 |
---------------+-------------------+-----
Axes           | 4 5 6 7 |  7.1
Fighting       | 4 5 |  5.6
Armour         | 3 4 |  4.8
Dodging        | |  2.1

Action                   |  1- 3 |  4- 6 || total
-------------------------+-------+-------++-------
Melee: Hand axe          |    97 |   142 ||   239
       Headbutt          |    12 |    24 ||    36
Invok: Berserk           |       |     2 ||     2
  Use: Scroll            |       |     2 ||     2
  Eat: Chunk             |       |     6 ||     6
Armor: Animal skin       |     7 |       ||     7
       Ring mail         |    22 |       ||    22
       Chain mail        |    19 |    89 ||   108
Dodge: Dodged            |    67 |    74 ||   141

Table legend:
 A = Non-vault XP
 B = Vault XP
 C = Vault XP percentage of total XP
 D = Non-vault monster count
 E = Vault monster count
 F = Vault count percentage of total count
                 A         B        C        D         E       F
            +---------+---------+-------+---------+---------+-------
      Total |     604 |      74 |  10.9 |      93 |       4 |   4.1
            +---------+---------+-------+---------+---------+-------
        D:1 |      79 |       0 |   0.0 |      34 |       0 |   0.0
        D:2 |      58 |       0 |   0.0 |      18 |       0 |   0.0
        D:3 |     225 |       0 |   0.0 |      26 |       0 |   0.0
        D:4 |     242 |      74 |  23.4 |      15 |       4 |  21.1
            +---------+---------+-------+---------+---------+-------
